 Dungeon Crawl Stone Soup version 0.24-a0-446-g87df7205b4 (console) character file.

Game seed: 14198685972045599013

13050 nht the Carver (level 11, -8/84 HPs)
             Began as a Vampire Berserker on June 23, 2019.
             Was a High Priest of Trog.
             Mangled by a sixfirhy (11 damage)
             ... summoned by an orc sorcerer
             ... on level 2 of the Orcish Mines.
             The game lasted 00:25:14 (9926 turns).

nht the Carver (Vampire Berserker)                  Turns: 9926, Time: 00:25:16

Health: -8/84      AC: 12    Str: 16    XL:     11   Next: 70%
Magic:  11/11      EV: 10    Int: 10    God:    Trog [*****.]
Gold:   792        SH:  6    Dex: 17    Spells: 10/10 levels left

rFire    + . .     SeeInvis +   f - +2 falchion "Toadwik" {elec, rC+}
rCold    + . .     Gourm    .   h - +1 buckler
rNeg     . . .     Faith    .   y - +4 chain mail {rF+}
rPois    +         Spirit   .   (no helmet)
rElec    .         Reflect  .   (no cloak)
rCorr    .         Harm     .   (no gloves)
MR       ++...                  (no boots)
Stlth    ..........             (no amulet)
HPRegen  0.44/turn              g - ring of poison resistance
MPRegen  0.12/turn              v - ring of protection from magic

@: about to teleport, regenerating quickly, lightly drained
A: no food, fangs 3, see invisible, unbreathing
a: Exsanguinate, Berserk, Trog's Hand, Brothers in Arms, Renounce Religion


You were on level 2 of the Orcish Mines.
You worshipped Trog.
Trog was extremely pleased with you.
You were alive.

You visited 2 branches of the dungeon, and saw 12 of its levels.

You collected 1138 gold pieces.
You spent 346 gold pieces at shops.

Inventory:

Hand Weapons
 a - a +0 falchion
 f - the +2 falchion "Toadwik" (weapon) {elec, rC+}
   (You bought it in a shop on level 4 of the Dungeon)

   Occasionally, upon striking a foe, it will discharge some electrical energy
   and cause terrible harm.
   It protects you from cold.
 o - a +1 short sword of speed
 E - the +3 great sword of the Evening {freeze, rElec}
   (Trog gifted it to you on level 10 of the Dungeon)

   It has been specially enchanted to freeze those struck by it, causing extra
   injury to most foes and up to half again as much damage against particularly
   susceptible opponents.
   It can also slow down cold-blooded creatures.
   It insulates you from electricity.
Missiles
 e - 7 poisoned darts
 p - a curare-tipped dart
 s - 17 boomerangs (quivered)
 G - a throwing net
Armour
 h - a +1 buckler (worn)
 y - a +4 chain mail of fire resistance (worn)
Jewellery
 g - a ring of poison resistance (left hand)
 i - an uncursed ring of resist corrosion
 n - an uncursed ring of fire
 v - a ring of protection from magic (right hand)
 A - a +2 ring of dexterity
Wands
 B - a wand of flame (7)
 D - a wand of enslavement (11)
Scrolls
 j - 5 scrolls of remove curse
 m - a scroll of enchant weapon
 r - 2 scrolls of identify
 w - a scroll of magic mapping
Potions
 b - 2 potions of brilliance
 c - a potion of magic
 d - a potion of flight
 k - 2 potions of mutation
 l - 2 potions of berserk rage
 q - 7 potions of curing
 t - a potion of invisibility
 u - a potion of haste
 x - 3 potions of resistance
 z - 2 potions of might
 F - 2 potions of heal wounds
 H - a potion of agility


   Skills:
 + Level 7.0(6.9) Fighting
 + Level 13.6(13.4) Long Blades
 + Level 5.8(5.7) Throwing
 - Level 1.5(1.4) Armour
 + Level 8.1(8.0) Dodging
 - Level 4.0(3.8) Shields


You had 10 spell levels left.
You didn't know any spells.
Your spell library was empty.

Dungeon Overview and Level Annotations

Branches:
Dungeon (10/15)            Temple (0/1) D:6            Lair (0/6) D:10
    Orc (2/2) D:10            Elf (0/3) Orc:2

Altars:
Ashenzari
Cheibriados
Hepliaklqana
Makhleb
Nemelex Xobeh
Sif Muna
Trog
Vehumet
Xom
The Shining One

Shops:
D:4 (


Innate Abilities, Weirdness & Mutations

You do not eat.
Your natural rate of healing is unusually fast.
You have razor-sharp teeth.
You have supernaturally acute eyesight. (SInv)
You can survive without breathing.


Message History

The bolt of negative energy hits your orc warrior!!
Your orc warrior is drained!
Your orc warrior dies!
The orc priest mumbles some strange prayers to Beogh against you.
Beogh smites you!
* * * LOW HITPOINT WARNING * * *
The orc priest mumbles some strange prayers to Beogh against you.
Beogh smites you!
* * * LOW HITPOINT WARNING * * *
The orc wizard mumbles some strange words.
The orc wizard blinks!
As you read the scroll of teleportation, it crumbles to dust.
You feel strangely unstable. The sixfirhy closely misses you.
You riposte.
You completely miss the sixfirhy. You miss the sixfirhy.
The sixfirhy hits you but does no damage.
The sixfirhy hits you.
* * * LOW HITPOINT WARNING * * *
The sixfirhy shocks you!
You die...

,████.....███ **,*
**,,,****,
**███.......████.█*
**,,,,,****
█..............█
**,,,,,,,***
█....███...█..█*
*,,,,,,,,,*
███..).█ ██..███*
*,,,,∩,,,,*
█....)██ █....██
*,,,,,,,,,* █....)█
██....██
**,,,,,,,**
...)..██ █......██
**,,,,,** ....█..██
█...█.@.█ **,,,**
...██...████..███3█
*****
...███...██.████.██
..██ ██..███* █3█
...██ ██.█ **█)█**
....█ █.██
**,oooo** .█..█████
*,,§⌠.,,* ███..█
**.....** ██.██
*█.:.█*


You could see a sixfirhy.

Vanquished Creatures
  The ghost of Onawkac the Blocker, a journeyman OpWz of the Shining One (Orc:1)
  An ettin (Orc:1)
  3 two-headed ogres
  An orc sorcerer (Orc:1)
  A komodo dragon (D:10)
  A troll (Orc:2)
  A wyvern (D:10)
  6 yaks
  A water moccasin (D:7)
  A black bear (D:8)
  A phantom (D:5)
  2 ice beasts (D:10)
  17 orc warriors
  A sky beast (D:10)
  9 ogres
  A wolf (D:4)
  2 centaurs (D:10)
  A crocodile (D:9)
  2 bullfrogs
  A big kobold (D:8)
  A spectral warg (Orc:1)
  4 scorpions
  16 killer bees
  7 howler monkeys
  6 wights (D:8)
  8 crimson imps
  A bullfrog zombie (D:7)
  A centaur zombie (D:7)
  2 jellies
  3 centaur skeletons
  8 orc priests
  3 hounds
  7 orc wizards
  A bullfrog skeleton (D:5)
  A cyclops simulacrum (Orc:1)
  5 iguanas
  6 worker ants
  A spectral orc (Orc:1)
  A hound zombie (D:10)
  A worker ant zombie (D:10)
  2 howler monkey skeletons
  5 adders
  An ogre simulacrum (Orc:1)
  4 shadow imps
  An orc simulacrum (Orc:1)
  6 oozes
  2 adder skeletons
  3 worms
  3 dart slugs (D:1)
  7 leopard geckos
  80 orcs
  A ball python (D:3)
  7 bats
  6 giant cockroaches
  6 hobgoblins
  2 jackals (D:6)
  7 kobolds
  6 quokkas
  6 frilled lizards
  10 goblins
  2 rats
  A plant (D:10)
305 creatures vanquished.

Vanquished Creatures (collateral kills)
  An orc warlord (Orc:2)
  A spectral ogre (Orc:1)
  An orc simulacrum (Orc:1)
3 creatures vanquished.

Vanquished Creatures (others)
  An orc warrior (Orc:2)
1 creature vanquished.

Grand Total: 309 creatures vanquished

Notes
Turn   | Place    | Note
-------+----------+-------------------------------------------
     0 | D:1      | nht the Vampire Berserker began the quest for the Orb.
     0 | D:1      | Reached XP level 1. HP: 17/17 MP: 1/1
    49 | D:1      | Reached XP level 2. HP: 18/23 MP: 2/2
   207 | D:1      | Reached skill level 4 in Long Blades
   375 | D:1      | Reached XP level 3. HP: 22/28 MP: 3/3
  1158 | D:2      | Reached ** piety under Trog
  1169 | D:2      | Reached skill level 1 in Shields
  1306 | D:2      | Reached XP level 4. HP: 34/34 MP: 4/4
  1850 | D:3      | Reached skill level 5 in Long Blades
  1852 | D:3      | Found a snail-covered altar of Cheibriados.
  1852 | D:3      | Found a deep blue altar of Sif Muna.
  2124 | D:3      | Reached XP level 5. HP: 32/39 MP: 5/5
  2509 | D:4      | Reached *** piety under Trog
  2595 | D:4      | Found Kamneev's Weapon Shop.
  2763 | D:4      | Reached XP level 6. HP: 46/46 MP: 6/6
  2799 | D:4      | HP: 2/46 [orc wizard/puff of frost (9)]
  2823 | D:4      | HP: 3/69 [wolf (10)]
  2825 | D:4      | Reached skill level 6 in Long Blades
  3241 | D:3      | Found a bloodstained altar of Trog.
  3241 | D:3      | Found a shattered altar of Ashenzari.
  3244 | D:3      | Found a hazy altar of Hepliaklqana.
  3282 | D:5      | Entered Level 5 of the Dungeon
  3343 | D:5      | Reached XP level 7. HP: 42/51 MP: 7/7
  3474 | D:5      | Reached skill level 7 in Long Blades
  4230 | D:6      | Reached skill level 8 in Long Blades
  4418 | D:6      | Reached XP level 8. HP: 33/57 MP: 8/8
  4476 | D:6      | Found a staircase to the Ecumenical Temple.
  4663 | D:6      | Reached skill level 9 in Long Blades
  4707 | D:4      | Bought the +2 falchion "Toadwik" {elec, rC+} for 346 gold
                  | pieces
  4950 | D:7      | Reached **** piety under Trog
  5389 | D:7      | Reached skill level 10 in Long Blades
  5649 | D:8      | Found a sparkling altar of Nemelex Xobeh.
  5660 | D:8      | Noticed a two-headed ogre
  5734 | D:8      | Killed a two-headed ogre
  5734 | D:8      | Reached skill level 11 in Long Blades
  5734 | D:8      | Reached XP level 9. HP: 62/62 MP: 9/9
  5964 | D:8      | Reached skill level 12 in Long Blades
  6117 | D:8      | Found a radiant altar of Vehumet.
  6198 | D:8      | Found a burning altar of Makhleb.
  6199 | D:8      | Found a shimmering altar of Xom.
  6257 | D:8      | Reached ***** piety under Trog
  6257 | D:8      | Reached skill level 1 in Throwing
  7058 | D:9      | Reached XP level 10. HP: 71/71 MP: 10/10
  7466 | D:9      | Reached skill level 5 in Dodging
  7811 | D:9      | Found a glowing golden altar of the Shining One.
  7847 | D:10     | Entered Level 10 of the Dungeon
  7872 | D:10     | Noticed a two-headed ogre
  7876 | D:10     | Reached skill level 5 in Fighting
  7883 | D:10     | Killed a two-headed ogre
  7891 | D:10     | Received a gift from Trog
  7895 | D:10     | Got a brightly glowing great sword {god gift}
  7922 | D:10     | Found a staircase to the Orcish Mines.
  8036 | D:10     | Found a staircase to the Lair.
  8053 | D:10     | Reached skill level 13 in Long Blades
  8319 | D:10     | Identified the +3 great sword of the Evening {freeze,
                  | rElec} (Trog gifted it to you on level 10 of the Dungeon)
  8363 | Orc:1    | Entered Level 1 of the Orcish Mines
  8363 | Orc:1    | Noticed an ettin
  8376 | Orc:1    | Killed an ettin
  8376 | Orc:1    | Reached XP level 11. HP: 81/81 MP: 11/11
  8725 | Orc:1    | Found a runed translucent gate.
  8726 | Orc:1    | Found a runed translucent gate.
  8727 | Orc:1    | Found a runed translucent gate.
  8729 | Orc:1    | Noticed Onawkac's ghost (journeyman OpWz)
  8732 | Orc:1    | Noticed an orc sorcerer
  8745 | Orc:1    | Killed an orc sorcerer
  8936 | Orc:1    | Killed Onawkac's ghost
  8936 | Orc:1    | Reached skill level 5 in Throwing
  8995 | Orc:2    | Entered Level 2 of the Orcish Mines
  9003 | Orc:2    | Noticed a two-headed ogre
  9010 | Orc:2    | Noticed a two-headed ogre
  9021 | Orc:2    | Killed a two-headed ogre
  9594 | Orc:2    | Noticed an orc warlord
  9616 | Orc:2    | Killed an orc warlord
  9811 | Orc:2    | Found a staircase to the Elven Halls.
  9918 | Orc:2    | Noticed an orc sorcerer
  9918 | Orc:2    | Noticed an orc sorcerer
  9920 | Orc:2    | Noticed a sixfirhy
  9926 | Orc:2    | HP: 3/84 [sixfirhy[an orc sorcerer] (5)]
  9926 | Orc:2    | Mangled by a sixfirhy

Levels and vault maps discovered:
D:1:      erik_arrival_gehennom, layout_basic, minivault_25
D:2:      layout_loops_ring
D:3:      layout_basic, nicolae_overflow_hidden_temple,
          amethyst_overflow_temple_binary, first_ration
D:4:      layout_loops_corners, serial_shops, shop_fountains
D:5:      layout_loops_ring, grunt_ministairs_7
D:6:      layout_rooms, minmay_temple_entry_drinking_statues,
          chequers_serial_rivers_micro_c
D:7:      layout_cave_pods
D:8:      layout_loops_ring, grunt_temple_overflow_champion_of_chaos,
          vehumet_crystals, lemuel_round_altar, special_room [special_room_orc],
          blue_anna_alchemist [blue_anna_fruit_fields, blue_anna_fruit_fields]
D:9:      layout_irregular_city, tso_altar
D:10:     layout_rooms, david_lair_shrubbed, orc_0_dummy, minivault_22
Orc:1:    layout_caves, gammafunk_ghost_necromancy
Orc:2:    pubby_orc_utopia, uniq_erolcha

Skill      XL: |  1  2  3  4  5  6  7  8  9 10 11 |
---------------+----------------------------------+-----
Long Blades    | 4 5 6 8 11 12 13 | 13.6
Shields        | 1 2 3 4 |  4.0
Fighting       | 4 5 7 |  7.0
Throwing       | 2 4 5 |  5.8
Dodging        | 4 6 8 |  8.1
Armour         | |  1.5

Action                   |  1- 3 |  4- 6 |  7- 9 | 10-12 || total
-------------------------+-------+-------+-------+-------++-------
Melee: Falchion          |   109 |    31 |   223 |   376 ||   739
       Bite              |    10 |    29 |    53 |    45 ||   137
       Short sword       |       |   234 |   192 |       ||   426
Throw: Dart              |       |     4 |    26 |    25 ||    55
       Throwing net      |       |       |     1 |       ||     1
       Boomerang         |       |       |     3 |     3 ||     6
Invok: Berserk           |     1 |     7 |    13 |    11 ||    32
       Brothers in Arms  |       |       |       |     3 ||     3
       Trog's Hand       |       |       |       |     1 ||     1
Evoke: Wand              |       |     4 |       |    23 ||    27
  Use: Potion            |     4 |     2 |     1 |       ||     7
       Scroll            |       |     7 |    16 |     5 ||    28
 Stab: Sleeping          |     2 |       |       |       ||     2
Armor: Animal skin       |    19 |    19 |     9 |       ||    47
       Chain mail        |       |       |    65 |    87 ||   152
       Skin              |       |       |     2 |       ||     2
Dodge: Dodged            |    81 |   108 |   103 |    93 ||   385
Block: Buckler           |     7 |    44 |    76 |    65 ||   192
       Rpst.: Falchion   |    22 |    12 |    17 |    29 ||    80

Table legend:
 A = Non-vault XP
 B = Vault XP
 C = Vault XP percentage of total XP
 D = Non-vault monster count
 E = Vault monster count
 F = Vault count percentage of total count
                 A         B        C        D         E       F
            +---------+---------+-------+---------+---------+-------
      Total |   11889 |    6755 |  36.2 |     232 |      75 |  24.4
            +---------+---------+-------+---------+---------+-------
        D:1 |      49 |      18 |  26.9 |      23 |       5 |  17.9
        D:2 |      66 |       0 |   0.0 |      20 |       0 |   0.0
        D:3 |     130 |       0 |   0.0 |      16 |       0 |   0.0
        D:4 |     408 |       0 |   0.0 |      27 |       0 |   0.0
        D:5 |     406 |      53 |  11.5 |      18 |       2 |  10.0
        D:6 |     501 |       0 |   0.0 |      16 |       0 |   0.0
        D:7 |     605 |       0 |   0.0 |      18 |       0 |   0.0
        D:8 |    2104 |     234 |  10.0 |      21 |      22 |  51.2
        D:9 |    3237 |       0 |   0.0 |      38 |       0 |   0.0
       D:10 |    2321 |     361 |  13.5 |      20 |       1 |   4.8
      Orc:1 |    2062 |    1406 |  40.5 |      15 |       8 |  34.8
      Orc:2 |       0 |    4683 | 100.0 |       0 |      37 | 100.0
            +---------+---------+-------+---------+---------+-------
